Map: Ulrena

Players

Samael - Winner!

  • Race: Terran Terran

Mindele

  • Race: Terran Terran

VOD

Have the link to the VOD?

Description

Time

  • Played on: May 13, 2016, 8:20 p.m.
  • Length: 4:41
Show
View Real Time Build Order
Export as new Build Order

Samael Terran - Winner!

Build Orders:  

Get SALT Encoding   

  12  0:02  SCV  
  13  0:14  SCV  
  13  0:18  Supply Depot  
  14  0:27  SCV  
  15  0:29  Refinery  
  15  0:41  Barracks  
  15  0:45  SCV  
  16  0:57  SCV  
  17  1:09  SCV  
  18  1:22  SCV  
  19  1:28  Barracks  
  19  1:33  Barracks  
  19  1:36  Reaper  
  20  1:47  SCV  
  20  1:48  Refinery  
  21  1:59  SCV  
  22  2:08  Reaper  
  23  2:24  Supply Depot  
  23  2:28  Barracks  
  23  2:46  Reaper x2  
  24  3:01  Reaper  
  25  3:18  Reaper x2  
  25  3:19  Factory  
  27  3:22  Orbital Command  
  26  4:00  Reaper x3  
Show
View Real Time Build Order
Export as new Build Order

Mindele Terran 

Build Orders:  

Get SALT Encoding   

  12  0:02  SCV  
  13  0:14  SCV  
  14  0:19  Supply Depot  
  14  0:26  SCV  
  15  0:40  SCV  
  15  0:42  Barracks  
  16  0:52  Refinery, SCV  
  17  1:04  SCV  
  17  1:05  Refinery  
  18  1:16  Supply Depot, SCV  
  19  1:31  Orbital Command  
  19  1:38  Reaper  
  20  1:51  Barracks  
  20  2:10  SCV  
  20  2:14  Supply Depot  
  22  2:15  Reaper  
  22  2:22  SCV  
  23  2:26  Barracks  
  23  2:34  SCV  
  24  2:53  Reaper x2  
  25  3:16  Reaper  
  25  3:17  SCV  
  27  3:25  Factory  
  27  3:26  Reaper  
  28  3:27  Reaper  
  28  3:29  SCV  
  29  3:39  Supply Depot  
  29  3:41  SCV  
  29  4:04  Reaper x2  
  29  4:08  SCV  
  32  4:10  Supply Depot  
  32  4:20  SCV  
Tags
 
Matchup
TvT
Race
Terran
Add a new tag
Caveats
  • Supply blocks, unpowered buildings, or Contaminate may cause inaccurate times.
  • Supply counts are checked every 10 seconds.